 Dungeon Crawl Stone Soup version 0.29-a0-330-g52719c12eb (webtiles) character file.

Game seed: 3718513886418353308

391 kae the Firebug (level 6, -7/36 HPs)
             Began as a Tengu Fire Elementalist on Apr 14, 2022.
             Shot with an arrow by a centaur (8 damage)
             ... on level 5 of the Dungeon.
             The game lasted 00:02:09 (5269 turns).

kae the Firebug (Tengu Fire Elementalist)           Turns: 5269, Time: 00:02:09

Health: -7/36      AC:  2    Str: 12    XL:     6   Next: 80%
Magic:  13/21      EV: 14    Int: 17    God:
Gold:   183        SH:  0    Dex: 14    Spells: 8/11 levels left

rFire   . . .      SeeInvis +   g - +1 whip (drain)
rCold   + + .      Faith    .   (no shield)
rNeg    . . .      Spirit   .   a - +0 robe
rPois   .          Reflect  .   (helmet restricted)
rElec   +          Harm     .   (no cloak)
rCorr   .          Rampage  .   (no gloves)
Will    .....                   (boots unavailable)
Stlth   ++........              (no amulet)
HPRegen 0.12/turn               d - ring of Darkness {rElec rC++ MP+9 Str+3 SInv}
MPRegen 0.17/turn               i - +4 ring of slaying

@: flying quickly and evasively, quick
A: beak, talons 3, nimble flight
a: no special abilities


You were on level 5 of the Dungeon.
You visited 1 branch of the dungeon, and saw 5 of its levels.

You collected 183 gold pieces.

Inventory:

Hand Weapons
 g - a +1 whip of draining (weapon)
Armour
 a - a +0 robe (worn)
Magical Staves
 f - a staff of cold
Jewellery
 d - the ring of Darkness (left hand) {rElec rC++ MP+9 Str+3 SInv}
   (You acquired it on level 2 of the Dungeon)

   [ring of magical power]

   Str:       It affects your strength (+3).
   rC:        It greatly protects you from cold.
   rElec:     It insulates you from electricity.
   MP:        It affects your magic capacity (+9).
   SInv:      It lets you see invisible.
 i - a +4 ring of slaying (right hand)
 l - a +6 ring of dexterity
Scrolls
 h - a scroll of noise {unknown}
 k - a scroll of torment {unknown}
 m - a scroll of enchant armour {unknown}
 n - a scroll of amnesia {unknown}
 o - a scroll of teleportation
 p - a scroll of fog
 r - 5 scrolls of identify
 s - a scroll of vulnerability {unknown}
 t - a scroll of magic mapping {unknown}
 u - a scroll of enchant weapon {unknown}
Potions
 b - 2 potions of magic
 c - 2 potions of curing
 j - a potion of mutation {unknown}
 q - a potion of heal wounds {unknown}
 v - a potion of degeneration {unknown}


   Skills:
 + Level 2.6 Fighting
 - Level 2.1 Dodging
 - Level 2.0 Stealth
 + Level 3.3 Spellcasting
 + Level 4.1 Conjurations
 * Level 5.7 Fire Magic


You had 8 spell levels left.
You knew the following spells:

 Your Spells              Type           Power      Damage    Failure   Level
a - Foxfire               Conj/Fire      76%        2x1d7     2%          1
b - Scorch                Fire           44%        2d7       2%          2

Your spell library contained the following spells:

 Spells                   Type           Power      Damage    Failure   Level
 Conjure Flame            Conj/Fire      19%        6-21      7%          3
 Inner Flame              Hex/Fire       12%        N/A       16%         3
 Animate Skeleton         Necr           4%         N/A       17%         1
 Apportation              Tloc           4%         N/A       17%         1
 Summon Small Mammal      Summ           8%         N/A       17%         1
 Flame Wave               Conj/Fire      19%        2d6       22%         4
 Ensorcelled Hibernation  Hex/Ice        4%         N/A       26%         2
 Spider Form              Tmut/Pois      2%         N/A       45%         3
 Anguish                  Hex/Necr       1%         N/A       86%         4


Dungeon Overview and Level Annotations

Branches:
Dungeon (5/15)
 Temple: D:4-7

Altars:
Sif Muna

Annotations:
D:4 2 runed translucent doors, hark's ghost, amateur MiFi


Innate Abilities, Weirdness & Mutations

You have a beak for a mouth.
You have claws for feet.
Your magical nature lets you fly swiftly and evasively.


Message History

HP restored.
You fly downwards.
The orc misses you. x2
There is a stone staircase leading up here.
Casting: Scorch (safe; 2% risk of failure)
Confirm with . or Enter, or press ? or * to list all spells.
You conjure some foxfire!
The foxfire hits the orc.
The orc is lightly wounded.
The orc completely misses you. The orc misses you.
Casting: Foxfire (safe; 2% risk of failure)
Confirm with . or Enter, or press ? or * to list all spells.
Flames lash the orc.
The orc is severely wounded.
The orc's fire resistance burns away.
A centaur comes into view.
The orc closely misses you. The orc misses you.
The orc hits you with a +0 club. The orc hits you with a +0 flail!
Casting: Scorch (safe; 2% risk of failure)
Confirm with . or Enter, or press ? or * to list all spells.
Flames lash the orc.
The orc is burned terribly!
You kill the orc!
The orc hits you with a +0 club.
The centaur wields a +0 shortbow.
The centaur shoots an arrow.
The arrow misses you. The orc closely misses you.
Casting: Scorch (safe; 2% risk of failure)
Confirm with . or Enter, or press ? or * to list all spells.
Flames lash the orc.
You kill the orc!
The centaur shoots an arrow.
The arrow hits you!
The centaur shoots an arrow.
The arrow completely misses you.
Casting: Scorch (safe; 2% risk of failure)
Confirm with . or Enter, or press ? or * to list all spells.
Flames lash the centaur.
The centaur is lightly wounded.
The centaur's fire resistance burns away.
The centaur shoots an arrow.
The arrow misses you.
The centaur shoots an arrow.
The arrow hits you!
* * * LOW HITPOINT WARNING * * *
The centaur shoots an arrow.
The arrow hits you!
You die...

#########
......)@#
.######)#
#.# #c#
#.# #.#
#.# ..#


You could see a centaur (combustible).

Vanquished Creatures
  A scorpion (D:4)
  2 hounds (D:4)
  A jelly (D:4)
  An iguana (D:4)
  3 orc wizards (D:4)
  5 adders
  A shadow imp (D:4)
  A worm (D:2)
  3 dart slugs
  7 orcs
  2 ball pythons
  7 bats
  6 endoplasms
  4 giant cockroaches
  8 goblins
  6 hobgoblins
  2 jackals (D:2)
  2 quokkas
  2 frilled lizards (D:1)
  10 kobolds
  3 rats
77 creatures vanquished.

Vanquished Creatures (others)
  255 foxfires
255 creatures vanquished.

Grand Total: 332 creatures vanquished

Notes
Turn   | Place    | Note
-------+----------+-------------------------------------------
     0 | D:1      | kae the Tengu Fire Elementalist began the quest for the
                  | Orb.
     0 | D:1      | Reached XP level 1. HP: 10/10 MP: 4/4
   368 | D:1      | Reached XP level 2. HP: 16/16 MP: 3/6
   418 | D:1      | Learned a level 2 spell: Scorch
   985 | D:2      | Reached XP level 3. HP: 14/20 MP: 2/7
  1150 | D:2      | Found a faded altar of an unknown god.
  1235 | D:2      | Reached skill level 1 in Fighting
  1347 | D:2      | Reached skill level 4 in Fire Magic
  1687 | D:2      | Reached XP level 4. HP: 25/25 MP: 4/8
  2174 | D:2      | Identified a scroll of acquirement
  2174 | D:2      | Acquired the ring of Darkness {rElec rC++ MP+9 Str+3 SInv}
  3614 | D:4      | Gained mutation: Your magical nature lets you fly swiftly
                  | and evasively. [Tengu growth]
  3614 | D:4      | Reached XP level 5. HP: 24/30 MP: 10/10
  3686 | D:4      | Found a shimmering blue altar of Sif Muna.
  3895 | D:4      | Reached skill level 5 in Fire Magic
  4062 | D:4      | Reached XP level 6. HP: 20/35 MP: 11/11
  4315 | D:4      | Found a runed translucent door.
  4316 | D:4      | Noticed hark's ghost (amateur MiFi)
  4340 | D:4      | Found a runed translucent door.
  4989 | D:5      | Entered Level 5 of the Dungeon
  5268 | D:5      | HP: 1/36 [centaur/arrow (12)]
  5269 | D:5      | Shot with an arrow by a centaur

Illustrated notes

Levels and vault maps discovered:
D:1:      onia_arrival_pentagram, layout_basic
D:2:      layout_rooms, shapermc_ecumenical_altar_venn
D:3:      layout_basic
D:4:      layout_gridville, led_sif_pool, serial_glass, glass_columns_b,
          glass_columns_a, glass_columns_b, glass_columns_c, glass_columns_a,
          glass_columns_c, ebering_ghost_sewer_f
D:5:      layout_loops_corners, mainiacjoe_overflow_24_doors, uniq_grinder,
          uniq_duvessa, uniq_eustachio, uniq_ijyb

Skill      XL: |  1  2  3  4  5  6 |
---------------+-------------------+-----
Conjurations   | 2 3 4 |  4.1
Fighting       | 1 2 |  2.6
Fire Magic     | 4 5 |  5.7
Spellcasting   | 3 |  3.3
Dodging        | |  2.1
Stealth        | |  2.0

Action                   |  1- 3 |  4- 6 || total
-------------------------+-------+-------++-------
Melee: Unarmed           |     4 |       ||     4
       Peck              |     2 |       ||     2
       Kick              |     4 |     1 ||     5
       Whip              |    11 |     4 ||    15
 Cast: Foxfire           |    76 |    77 ||   153
       Scorch            |       |    38 ||    38
  Use: Scroll            |     1 |     5 ||     6
 Stab: Sleeping          |       |     2 ||     2
Armor: Robe              |     8 |     9 ||    17
Dodge: Dodged            |    16 |    47 ||    63

Table legend: (Time is in decaauts)
 A = Elapsed time spent in this place.
 B = Non-inter-level travel time spent in this place.
 C = Inter-level travel time spent in this place.
 D = Time resting spent in this place.
 E = Time spent auto-exploring this place.
 F = Levels seen in this place.
 G = Mean time per level.
                   A        B        C        D        E       F      G
               +--------+--------+--------+--------+--------+-----+--------+
         Total |   5204 |   5104 |    100 |    298 |   4180 |   5 | 1040.8 |
       Dungeon |   5204 |   5104 |    100 |    298 |   4180 |   5 | 1040.8 |
               +--------+--------+--------+--------+--------+-----+--------+

Top non-repeatable levels by time:
     D:4: 1585 daAuts
     D:3: 1359 daAuts
     D:2: 1323 daAuts
     D:1: 918 daAuts
     D:5: 17 daAuts
